 Dungeon Crawl Stone Soup version 0.25.0-37-gb73750e0fb (webtiles) character file.

Game seed: 13427177520435264160

91 ANON1729 the Grave Robber (level 4, -1/24 HPs)
             Began as a Deep Elf Necromancer on July 9, 2020.
             Killed by nerve-wracking pain
             ... invoked by Grinder
              (9 damage)
             ... while paralysed by Grinder
             ... on level 2 of the Dungeon.
             The game lasted 00:05:37 (2831 turns).

ANON1729 the Grave Robber (Deep Elf Necromancer)    Turns: 2831, Time: 00:05:37

Health: -1/24      AC:  2    Str:  5    XL:     4   Next: 34%
Magic:  11/12      EV:  2    Int: 21    God:
Gold:   34         SH:  0    Dex: 21    Spells: 6/11 levels left

rFire    . . .     SeeInvis .   b - -2 mace (curse)
rCold    . . .     Gourm    .   (no shield)
rNeg     . . .     Faith    .   a - +0 robe
rPois    .         Spirit   .   (no helmet)
rElec    .         Reflect  .   (no cloak)
rCorr    .         Harm     .   (no gloves)
MR       .....                  (no boots)
Stlth    +++.......             l - amulet of inaccuracy (curse)
HPRegen  0.08/turn              k - +6 ring of dexterity
MPRegen  0.13/turn              (no ring)

@: paralysed, hasted
A: no striking features
a: no special abilities


You were on level 2 of the Dungeon.
You were not hungry.

You visited 1 branch of the dungeon, and saw 3 of its levels.

You collected 34 gold pieces.

Inventory:

Hand Weapons
 b - a cursed -2 mace (weapon)
Armour
 a - a +0 robe (worn)
Magical Staves
 d - an uncursed staff of wizardry {unknown}
Jewellery
 k - a +6 ring of dexterity (left hand)
 l - a cursed amulet of inaccuracy (around neck)
Comestibles
 c - 2 rations
 f - 3 chunks of flesh


   Skills:
 + Level 0.1 Fighting
 + Level 3.3 Dodging
 + Level 3.6 Stealth
 * Level 4.2 Spellcasting
 * Level 5.4 Necromancy


You had 6 spell levels left.
You knew the following spells:

 Your Spells              Type           Power        Failure   Level  Hunger
a - Pain                  Necr           ####         1%          1    None
b - Animate Skeleton      Necr           N/A          1%          1    None
c - Vampiric Draining     Necr           ####......   3%          3    ###....

Your spell library contained the following spells:

 Spells                   Type           Power        Failure   Level  Hunger
 Animate Dead             Necr           N/A          13%         4    ####...
 Agony                    Necr           ####....     34%         5    ######.


Dungeon Overview and Level Annotations

Branches:
Dungeon (3/15)

Altars:

Annotations:
D:2 Grinder


Message History

You can't see any susceptible monsters within range! (Use Z to cast anyway.)
Casting: Pain (safe; 1% risk of failure)
Confirm with . or Enter, or press ? or * to list all spells.
You can't see any susceptible monsters within range! (Use Z to cast anyway.)
Casting: Pain (safe; 1% risk of failure)
Confirm with . or Enter, or press ? or * to list all spells.
You can't see any susceptible monsters within range! (Use Z to cast anyway.)
Items here: ))) [[ ÷÷ †
Casting: Pain (safe; 1% risk of failure)
Confirm with . or Enter, or press ? or * to list all spells.
You attempt to give life to the dead...
The dead are walking!
Grinder gestures at you.
You suddenly lose the ability to move!
Grinder gestures at you. Pain shoots through your body! Grinder hits you.
You writhe in agony.
Grinder hits you. Grinder gestures at you. Pain shoots through your body!
You die...

########## #........#
#........# #........#
##### ####.÷......#
....# #...........#
....# #....########
....######....#####
....'....'....'5@Z#
....######....###+###
....# ##.........#
....# #.........#
'#### #.........# .#
#.........#
.##########.........#
....................#
.#########..........#


You could see Grinder and a friendly orc skeleton.

Vanquished Creatures
  Jessica (D:2)
  A dart slug (D:1)
  2 leopard geckos (D:1)
  7 orcs
  5 giant cockroaches (D:1)
  6 goblins
  5 hobgoblins
  7 bats
  6 frilled lizards
  5 kobolds
  5 rats
50 creatures vanquished.

Vanquished Creatures (collateral kills)
  A bat (D:1)
1 creature vanquished.

Grand Total: 51 creatures vanquished

Notes
Turn   | Place    | Note
-------+----------+-------------------------------------------
     0 | D:1      | ANON1729 the Deep Elf Necromancer began the quest for the
                  | Orb.
     0 | D:1      | Reached XP level 1. HP: 10/10 MP: 6/6
   438 | D:1      | Reached XP level 2. HP: 15/15 MP: 6/8
   442 | D:1      | Reached skill level 5 in Necromancy
  1117 | D:1      | Learned a level 1 spell: Animate Skeleton
  1201 | D:1      | Reached XP level 3. HP: 14/19 MP: 5/10
  1808 | D:2      | Learned a level 3 spell: Vampiric Draining
  1848 | D:2      | Noticed Jessica
  1854 | D:2      | Killed Jessica
  1854 | D:2      | Reached XP level 4. HP: 20/24 MP: 7/12
  2738 | D:3      | Noticed Grinder
  2826 | D:2      | Paralysed by Grinder for 5 turns
  2831 | D:2      | Killed from afar by Grinder

Illustrated notes

Levels and vault maps discovered:
D:1:      dpeg_arrival_prison, layout_loops_ring
D:2:      layout_basic, first_ration, uniq_jessica
D:3:      layout_basic, nicolae_overflow_hidden_temple,
          lemuel_coloured_pillars_altar, uniq_grinder

Skill      XL: |  1  2  3 |
---------------+----------+-----
Necromancy     | 5 |  5.4
Stealth        | 3 |  3.6
Dodging        | 3 |  3.3
Spellcasting   | 4 |  4.2
Fighting       | |  0.1

Action                   |  1- 3 |  4- 6 || total
-------------------------+-------+-------++-------
Melee: Mace              |       |     1 ||     1
 Cast: Pain              |    57 |    23 ||    80
       Animate Skeleton  |     3 |     1 ||     4
       Vampiric Draining |       |     2 ||     2
  Use: Scroll            |       |     3 ||     3
       Potion            |       |     3 ||     3
  Eat: Chunk             |     3 |     3 ||     6
Armor: Robe              |       |     2 ||     2
Dodge: Dodged            |     3 |    14 ||    17
